 Dungeon Crawl Stone Soup version 0.24-a0-434-gd57e52fea8 (webtiles) character file.

Game seed: 8646899351937491187

18 MisterOstroum the Sneak (level 2, 0/17 HPs)
             Began as a Vampire Assassin on June 16, 2019.
             Slain by a kobold
             ... wielding a +0 club
              (4 damage)
             ... on level 1 of the Dungeon.
             The game lasted 00:01:51 (366 turns).

MisterOstroum the Sneak (Vampire Assassin)           Turns: 366, Time: 00:01:51

Health: 0/17       AC:  3    Str: 10    XL:     2   Next: 48%
Magic:  2/2        EV: 12    Int: 13    God:
Gold:   58         SH:  0    Dex: 15    Spells: 1/1 levels left

rFire    . . .     SeeInvis +   a - +2 dagger
rCold    + + .     Gourm    .   (no shield)
rNeg     + + +     Faith    .   b - +0 robe
rPois    ∞         Spirit   .   (no helmet)
rElec    .         Reflect  .   c - +0 cloak
rCorr    .         Harm     .   (no gloves)
MR       .....                  (no boots)
Stlth    +++++.....             (no amulet)
HPRegen  0.00/turn              (no ring)
MPRegen  0.08/turn              (no ring)

@: bloodless, regenerating quickly
A: no food, fangs 3, see invisible, unbreathing
a: Revivify


You were on level 1 of the Dungeon.
You were bloodless.

You visited 1 branch of the dungeon, and saw 1 of its levels.

You collected 58 gold pieces.

Inventory:

Hand Weapons
 a - a +2 dagger (weapon)
Missiles
 d - 8 poisoned darts (quivered)
 e - 2 curare-tipped darts
 k - 5 boomerangs
Armour
 b - a +0 robe (worn)
 c - a +0 cloak (worn)
Scrolls
 g - a scroll of remove curse {unknown}
 h - a scroll of immolation {unknown}
 i - a scroll of teleportation {unknown}
 j - a scroll of blinking {unknown}
Potions
 f - a potion of curing {unknown}


   Skills:
 + Level 2.0 Fighting
 + Level 2.5 Short Blades
 + Level 1.8 Throwing
 - Level 1.1 Dodging
 + Level 6.2 Stealth


You had one spell level left.
You didn't know any spells.
Your spell library was empty.

Dungeon Overview and Level Annotations

Branches:
Dungeon (1/15)

Altars:


Innate Abilities, Weirdness & Mutations

You do not eat.
You do not regenerate when monsters are visible.
You are frail without blood (-20% HP).
You are immune to poison.
You have razor-sharp teeth.
You have supernaturally acute eyesight. (SInv)
You can survive without breathing.


Message History

There is an open door here.
Found a stone staircase leading down.
You open the door.
There is an open door here.
A bat comes into view.
The helpless bat fails to defend itself.
You bite the bat, and draw its blood! You impale the bat!!
You kill the bat!
You see here a bat corpse.
j - a scroll labeled RUTIZY WIOTUT A kobold comes into view.
Found 5 boomerangs.
The helpless kobold fails to defend itself.
You bite the kobold, and draw its blood!
You impale the kobold!!
You kill the kobold!
No target in view!
A bat comes into view.
A bat is nearby!
A kobold comes into view. It is wielding a +0 dagger.
You see here 5 boomerangs.
Found 15 gold pieces.
The helpless kobold fails to defend itself.
You bite the kobold, and draw its blood!
You impale the kobold!!
You kill the kobold!
k - 5 boomerangs
Things that are here:
a +0 dagger; a kobold corpse A rat comes into view.
The bat hits you but does no damage.
You closely miss the bat. The bat barely misses you. The bat misses you.
The bat misses you. The bat hits you but does no damage.
You hit the bat.
You kill the bat!
No target in view!
Things that are here:
a +0 dagger; a kobold corpse You can't eat.
You can't eat.
Okay, then.
You now have 58 gold pieces (gained 15).
Found a ration.
A kobold comes into view. It is wielding a +0 club.
Found 12 gold pieces.
A hobgoblin comes into view.
The helpless kobold fails to defend itself.
You bite the kobold, and draw its blood!
You impale the kobold!!
You kill the kobold!
Found a scroll labeled DARUSU VASM.
A hobgoblin is nearby!
A kobold comes into view. It is wielding a +0 club.
Found 28 stones.
A goblin and a hobgoblin come into view.
The goblin shouts!
The hobgoblin shouts! x2
The hobgoblin completely misses you.
The kobold throws a stone.
The stone hits you but does no damage.
You see here a stone.
You hit the hobgoblin.
The hobgoblin is severely wounded.
The hobgoblin closely misses you.
The kobold throws a stone.
The stone hits you but does no damage.
You hit the hobgoblin.
You kill the hobgoblin!
You completely miss the goblin.
The kobold throws a stone.
The stone hits you but does no damage. The goblin hits you with a +0 club.
The kobold throws a stone.
The stone hits you. The goblin misses you.
You see here a stone.
You hit the hobgoblin.
The hobgoblin is severely wounded.
The hobgoblin misses you.
You hit the hobgoblin.
You kill the hobgoblin!
You hit the kobold but do no damage. The kobold hits you with a +0 club.
You are too injured to fight recklessly!
You are too injured to fight recklessly!
You are too injured to fight recklessly!
You barely miss the kobold. You hit the kobold. Your bite misses the kobold.
The kobold is moderately wounded.
The kobold closely misses you.
You closely miss the kobold.
The kobold is moderately wounded.
The kobold hits you with a +0 club.
You hit the kobold but do no damage.
The kobold is moderately wounded.
The kobold misses you.
You hit the kobold but do no damage.
The kobold is moderately wounded.
You barely miss the kobold.
The kobold is moderately wounded.
The kobold hits you with a +0 club.
* * * LOW HITPOINT WARNING * * *
You closely miss the kobold.
The kobold is moderately wounded.
The kobold hits you with a +0 club.
You die...

.(.. #...# ...##+##$..#
#......†.# #.....(..#
#...g....#
########K###### r.
#..%....)# ..#
#......##############.#
#......K@..##.........#
##.....###.##.........#
#$....#
#.##.........###
#######
#.##.........##.
##.##.........##.
#...........#.##.
######)######.##.
#.........#.
#########...


You could see a kobold.

Vanquished Creatures
  4 bats (D:1)
  A giant cockroach (D:1)
  2 goblins (D:1)
  4 hobgoblins (D:1)
  3 kobolds (D:1)
  2 rats (D:1)
16 creatures vanquished.

Notes
Turn   | Place    | Note
-------+----------+-------------------------------------------
     0 | D:1      | MisterOstroum the Vampire Assassin began the quest for the
                  | Orb.
     0 | D:1      | Reached XP level 1. HP: 16/16 MP: 1/1
   134 | D:1      | Reached skill level 6 in Stealth
   195 | D:1      | Reached XP level 2. HP: 17/17 MP: 2/2
   366 | D:1      | Slain by a kobold

Levels and vault maps discovered:
D:1:      minmay_arrival_four_loops, layout_basic

Skill      XL: |  1 |
---------------+----+-----
Stealth        | 6 |  6.2
Fighting       | 2 |  2.0
Short Blades   | |  2.5
Throwing       | |  1.8
Dodging        | |  1.1

Action                   || total
-------------------------++-------
Melee: Dagger            ||    34
       Bite              ||     1
 Abil: Exsanguinate      ||     1
 Stab: Sleeping          ||     9
Armor: Robe              ||    13
Dodge: Dodged            ||    21

Table legend:
 A = Non-vault XP
 B = Vault XP
 C = Vault XP percentage of total XP
 D = Non-vault monster count
 E = Vault monster count
 F = Vault count percentage of total count
                 A         B        C        D         E       F
            +---------+---------+-------+---------+---------+-------
      Total |      26 |       0 |   0.0 |      16 |       0 |   0.0
            +---------+---------+-------+---------+---------+-------
        D:1 |      26 |       0 |   0.0 |      16 |       0 |   0.0
            +---------+---------+-------+---------+---------+-------
